Unix NetHack Version 5.0.0-0 post-release - last build Jun 10 2026 00:39:30 (3ee93aec679c4c4259841fe613dc97188e26a321,branch:main).

Game began 2026-06-23 13:53:47, ended 2026-06-23 13:55:36.

JPB01, neutral female human Wizard

                     ------
                     |....
                     |?.f.|
                     ..d.@|
                     ------

JPB01 the Evoker          St:11 Dx:12 Co:14 In:18 Wi:9 Ch:11  Neutral
Dlvl:1  $:0  HP:0(12) Pw:7(7) AC:9  Xp:1 T:1 

Latest messages:
 Shall I pick character's race, role, gender and alignment for you? [ynaq] n
 [Thoth has chosen you to recover the Amulet of Yendor for Him.]
 Hello JPB01, welcome to NetHack!  You are a neutral female human Wizard.
 What do you want to read? [hijkl or ?*] ?
 As you read the scroll, it disappears.
 What type of monster do you want to genocide? wizards
 Wiped out all wizards.
 Do not pass Go.  Do not collect 200 zorkmids.
 Do you want your possessions identified? [ynq] (y) q

Inventory:
 Weapons  (')')
  a - a blessed +1 quarterstaff (weapon in hands)
 Armor    ('[')
  b - an uncursed +0 cloak of magic resistance (being worn)
 Scrolls  ('?')
  j - an uncursed scroll of enchant armor
  h - an uncursed scroll of identify
 Spellbooks  ('+')
  l - an uncursed spellbook of cure blindness
  k - a blessed spellbook of force bolt
 Potions  ('!')
  g - 2 uncursed potions of healing
  f - an uncursed potion of water
 Rings    ('=')
  d - an uncursed ring of conflict
  e - an uncursed +4 ring of gain strength
 Wands    ('/')
  c - a wand of create monster (0:13)
 Tools    ('(')
  m - a magic marker (0:19)

JPB01 the Wizard's attributes:

Background:
 You were an Evoker, a level 1 female human Wizard.
 You were neutral, on a mission for Thoth
 who was opposed by Ptah (lawful) and Anhur (chaotic).
 You were right-handed.
 You were in the Dungeons of Doom, on level 1.
 You had just started your adventure.
 You had 0 experience points, 20 were needed to attain level 2.

Basics:
 You had 0 out of 12 hit points.
 You had all 7 energy points (spell power).
 Your armor class was 9.
 Your wallet was empty.
 Autopickup was off.

Final Characteristics:
 Your strength was 11 (limit:18/100).
 Your dexterity was 12 (limit:18).
 Your constitution was 14 (limit:18).
 Your intelligence was 18 (limit:18).
 Your wisdom was 9 (limit:18).
 Your charisma was 11 (limit:18).

Final Status:
 You weren't hungry.
 You were unencumbered.
 You were wielding a quarterstaff.
 You had basic skill with quarterstaff.

Final Attributes:
 You were nominally aligned.
 You were magic-protected.
 You were warded.
 You are dead.

Miscellaneous:
 You disabled loading and storing of bones levels.
 Total elapsed playing time was 5 seconds.

Major events:
 Turn
    1: JPB01 the neutral female human Wizard entered the dungeon
    1: performed her first genocide (wizards)
    1: killed by a scroll of genocide

Spells:
 Name                 Level Category     Fail Retention
 force bolt             1   attack         0%      100%
 cure blindness         2   healing       53%      100%

Skills:
 Fighting Skills
   bare handed combat [Unskilled]
   riding             [Unskilled]
 Weapon Skills
   dagger             [Unskilled]
   knife              [Unskilled]
   axe                [Unskilled]
   short sword        [Unskilled]
   club               [Unskilled]
   mace               [Unskilled]
   quarterstaff       [Basic]
   polearms           [Unskilled]
   spear              [Unskilled]
   trident            [Unskilled]
   sling              [Unskilled]
   dart               [Unskilled]
   shuriken           [Unskilled]
 Spellcasting Skills
   attack spells      [Basic]
   healing spells     [Unskilled]
   divination spells  [Unskilled]
   enchantment spells [Basic]
   clerical spells    [Unskilled]
   escape spells      [Unskilled]
   matter spells      [Unskilled]

Voluntary challenges:
 Your character was rerolled 137 times.
 You went without food.
 You were an atheist.
 You never hit with a wielded weapon.
 You were a pacifist.
 You genocided 1 type of monster.
 You never polymorphed an object.
 You never changed form.
 You used no wishes.

 The Dungeons of Doom:
    Level 1: <- You were here.
       Final resting place for
          you, killed by a scroll of genocide.


No creatures were vanquished.

Genocided species:
 wizards
1 species genocided.

Game over:
                       ----------
                      /          \
                     /    REST    \
                    /      IN      \
                   /     PEACE      \
                  /                  \
                  |      JPB01       |
                  |       0 Au       |
                  |   killed by a    |
                  |    scroll of     |
                  |     genocide     |
                  |                  |
                  |       2026       |
                 *|     *  *  *      | *
        _________)/\\_//(\/(/\)/\//\/|_)_______

Goodbye JPB01 the Wizard...

You were genocided in The Dungeons of Doom on dungeon level 1 with 0 points,
and 0 pieces of gold, after 1 move.
You were level 1 with a maximum of 12 hit points when you were genocided.

